 Dungeon Crawl Stone Soup version 0.26-a0-546-g3c2127501a (webtiles) character file.

Game seed: 16901187233749857414

3236 ANON1729 the Cleaver (level 9, -3/83 HPs)
             Began as a Hill Orc Fighter on Aug 19, 2020.
             Was a Follower of Beogh.
             Slain by an ogre
             ... wielding a +0 giant club
              (11 damage)
             ... on level 8 of the Dungeon.
             The game lasted 00:07:32 (5652 turns).

ANON1729 the Cleaver (Hill Orc Fighter)             Turns: 5652, Time: 00:07:33

Health: -3/83      AC:  9    Str: 22    XL:     9   Next: 98%
Magic:  9/9        EV:  8    Int: 12    God:    Beogh [*.....]
Gold:   281        SH: 16    Dex: 10    Spells: 8/8 levels left

rFire    . . .     SeeInvis .   a - +0 war axe
rCold    + . .     Faith    .   c - +0 kite shield
rNeg     . . .     Spirit   .   b - +0 scale mail
rPois    .         Reflect  +   (no helmet)
rElec    .         Harm     .   r - +0 cloak
rCorr    .                      (no gloves)
MR       .....                  (no boots)
Stlth    ..........             u - amulet "Zataob" {Reflect Fragile rC+ Int+4 SH+5}
HPRegen  0.23/turn              (no ring)
MPRegen  0.11/turn              (no ring)

@: no status effects
A: no striking features
a: Renounce Religion


You were on level 8 of the Dungeon.
You worshipped Beogh.
Beogh was aware of your devotion.
You visited 1 branch of the dungeon, and saw 8 of its levels.

You collected 281 gold pieces.

Inventory:

Hand Weapons
 a - a +0 war axe (weapon)
Armour
 b - a +0 scale mail (worn)
 c - a +0 kite shield (worn)
 r - a +0 cloak (worn)
Jewellery
 u - the amulet "Zataob" (around neck) {Reflect Fragile rC+ Int+4 SH+5}
   (You found it on level 5 of the Dungeon)

   [amulet of reflection]

   It shields you and reflects attacks.
   It affects your intelligence (+4).
   It protects you from cold.
   It will be destroyed if unequipped.
   It affects your SH (+5).
Wands
 q - a wand of digging (14)
 w - a wand of random effects (21)
 x - a wand of polymorph (11)
Scrolls
 e - a scroll of fear {unknown}
 g - a scroll of fog {unknown}
 j - 3 scrolls of teleportation
 k - a scroll of enchant weapon {unknown}
 n - 10 scrolls of identify {unknown}
 o - 3 scrolls of remove curse {unknown}
 p - 2 scrolls of magic mapping {unknown}
 s - a scroll of blinking {unknown}
 v - a scroll of enchant armour {unknown}
 y - a scroll of immolation {unknown}
Potions
 d - a potion of might
 f - 7 potions of curing {unknown}
 h - 4 potions of lignification {unknown}
 i - a potion of berserk rage {unknown}
 l - 2 potions of flight {unknown}
 m - 3 potions of mutation {unknown}
 t - a potion of haste {unknown}
 z - a potion of heal wounds {unknown}


   Skills:
 + Level 9.1 Fighting
 + Level 9.4 Axes
 + Level 8.3 Armour
 + Level 7.9 Shields


You had 8 spell levels left.
You didn't know any spells.
Your spell library was empty.

Dungeon Overview and Level Annotations

Branches:
Dungeon (8/15)             Temple (0/1) D:5
   Lair: D:8-11

Altars:
Cheibriados
Fedhas
Gozag
Kikubaaqudgha
Makhleb
Vehumet
The Shining One


Message History

You see here 12 gold pieces.
There is a stone staircase leading up, spattered with blood here.
Things that are here:
a +0 dagger; a +0 robe; an orc corpse You see here 12 gold pieces.
There is a stone staircase leading up, spattered with blood here.
Things that are here:
a +0 dagger; a +0 robe; an orc corpse The ogre hits you with a +0 giant club!
* * * LOW HITPOINT WARNING * * *
You see here 12 gold pieces.
There is a stone staircase leading up, spattered with blood here.
Things that are here:
a +0 dagger; a +0 robe; an orc corpse You see here 12 gold pieces.
Found a white potion and a scroll of teleportation.
A sky beast comes into view.
A hippogriff comes into view.
The hippogriff screeches!
The ogre hits you with a +0 giant club!
You die...

#########
#...(...#
#...@O..#
#...YH..##########
+..............!?.
#........#.######
#........#.)).#
..........#.<#.#
##.#.....#.#$##.#
#.......#......#
#.########.####


You could see a hippogriff, a sky beast and an ogre.

Vanquished Creatures
  Pikel (D:6)
  A hippogriff (D:7)
  Duvessa (D:4)
  3 orc warriors
  2 ice beasts
  3 phantoms
  4 ogres
  2 centaurs (D:6)
  5 bullfrogs
  Dowan (D:4)
  2 scorpions
  A wight (D:7)
  A howler monkey (D:2)
  A bullfrog zombie (D:7)
  4 orc wizards
  3 iguanas
  2 orc priests
  3 hounds
  5 worker ants
  A hound skeleton (D:7)
  A worker ant zombie (D:7)
  A howler monkey skeleton (D:6)
  5 adders
  7 gnolls
  5 white imps
  2 ufetubi
  4 oozes
  An adder zombie (D:6)
  A worm (D:2)
  A dart slug (D:2)
  6 leopard geckos
  9 orcs
  8 bats
  6 giant cockroaches
  3 goblins
  8 hobgoblins
  5 jackals
  3 kobolds
  3 quokkas
  A ball python (D:1)
  6 frilled lizards
  A leopard gecko skeleton (D:4)
  A quokka skeleton (D:6)
  5 rats
139 creatures vanquished.

Vanquished Creatures (others)
  An orc priest (D:5)
1 creature vanquished.

Grand Total: 140 creatures vanquished

Notes
Turn   | Place    | Note
-------+----------+-------------------------------------------
     0 | D:1      | ANON1729 the Hill Orc Fighter began the quest for the Orb.
     0 | D:1      | Reached XP level 1. HP: 19/19 MP: 1/1
    21 | D:1      | Reached XP level 2. HP: 26/27 MP: 2/2
   168 | D:1      | Found a snail-covered altar of Cheibriados.
   248 | D:1      | Reached XP level 3. HP: 32/33 MP: 3/3
   455 | D:2      | Found an opulent altar of Gozag.
   638 | D:2      | Found a blossoming altar of Fedhas.
   707 | D:2      | Reached XP level 4. HP: 39/40 MP: 4/4
   713 | D:2      | Found a burning altar of Makhleb.
   844 | D:2      | Reached XP level 5. HP: 44/47 MP: 5/5
  1029 | D:2      | Found a snail-covered altar of Cheibriados.
  1810 | D:3      | Found a glowing golden altar of the Shining One.
  1988 | D:4      | Reached skill level 5 in Fighting
  1988 | D:4      | Reached XP level 6. HP: 47/56 MP: 6/6
  2097 | D:4      | Found a radiant altar of Vehumet.
  2246 | D:4      | Noticed Duvessa
  2247 | D:4      | Noticed Dowan
  2309 | D:4      | Killed Duvessa
  2309 | D:4      | Reached skill level 5 in Axes
  2321 | D:4      | Killed Dowan
  2321 | D:4      | Reached skill level 5 in Armour
  2321 | D:4      | Reached skill level 5 in Shields
  2321 | D:4      | Reached XP level 7. HP: 7/61 MP: 7/7
  3056 | D:5      | Entered Level 5 of the Dungeon
  3063 | D:5      | Got a warped emerald amulet
  3080 | D:4      | Identified the amulet "Zataob" {Reflect Fragile rC+ Int+4
                  | SH+5} (You found it on level 5 of the Dungeon)
  3157 | D:5      | Became a worshipper of Beogh the Brigand
  3261 | D:5      | Reached XP level 8. HP: 52/71 MP: 8/8
  3470 | D:5      | Found a staircase to the Ecumenical Temple.
  4524 | D:6      | Found a snail-covered altar of Cheibriados.
  4546 | D:6      | Reached XP level 9. HP: 78/80 MP: 9/9
  4565 | D:6      | Reached * piety under Beogh
  4917 | D:7      | Noticed Pikel
  4942 | D:6      | Killed Pikel
  5068 | D:7      | Found an ancient bone altar of Kikubaaqudgha.
  5634 | D:8      | HP: 4/83 [ogre/+0 giant club (12)]
  5652 | D:8      | Slain by an ogre

Illustrated notes

Levels and vault maps discovered:
D:1:      mainiacjoe_arrival_reflecting_pool, layout_rooms, cheibriados_altar_1
D:2:      layout_loops_corners, makhleb_heckhound_becter, fedhas_altar_4,
          lemuel_crystal_altar, lemuel_altar_in_water
D:3:      layout_loops_ring, tso_oasis_becter
D:4:      layout_gridville, vehumet_crystals, dk_vineyard_3, uniq_duvessa
D:5:      layout_basic, temple_pool_b
D:6:      layout_cave_pools, basic_altar
D:7:      layout_basic, old_standard_altar, uniq_pikel
D:8:      layout_basic, minivault_22, jiyva_altar_1

Skill      XL: |  1  2  3  4  5  6  7  8  9 |
---------------+----------------------------+-----
Axes           | 3 4 5 6 7 9 |  9.4
Fighting       | 4 5 6 7 9 |  9.1
Armour         | 4 5 6 7 8 |  8.3
Shields        | 4 5 6 7 |  7.9

Action                   |  1- 3 |  4- 6 |  7- 9 || total
-------------------------+-------+-------+-------++-------
Melee: War axe           |    90 |   109 |   333 ||   532
Invok: Convert to Beogh  |       |       |     1 ||     1
  Use: Scroll            |       |       |     1 ||     1
Armor: Scale mail        |    45 |    49 |    93 ||   187
Dodge: Dodged            |    32 |    37 |    64 ||   133
Block: Kite shield       |    45 |    49 |   266 ||   360
       Reflection        |       |       |    11 ||    11

Table legend: (Time is in decaauts)
 A = Elapsed time spent in this place.
 B = Non-inter-level travel time spent in this place.
 C = Inter-level travel time spent in this place.
 D = Time resting spent in this place.
 E = Time spent auto-exploring this place.
 F = Levels seen in this place.
 G = Mean time per level.
                   A        B        C        D        E       F      G
               +--------+--------+--------+--------+--------+-----+--------+
         Total |   5792 |   5622 |    170 |   1416 |   2893 |   8 |  724.0 |
       Dungeon |   5792 |   5622 |    170 |   1416 |   2893 |   8 |  724.0 |
               +--------+--------+--------+--------+--------+-----+--------+

Top non-repeatable levels by time:
     D:4: 1388 daAuts
     D:2: 967 daAuts
     D:5: 924 daAuts
     D:6: 848 daAuts
     D:3: 606 daAuts
     D:7: 574 daAuts
     D:1: 406 daAuts
     D:8: 75 daAuts
